 Dungeon Crawl Stone Soup version 0.29.1-14-g9c671dbff4 (webtiles) character file.

Game seed: 10395414543934926236

17 BabyfaceFinlayson the Firebug (level 2, -2/24 HPs)
             Began as an Ogre Fire Elementalist on Feb 18, 2023.
             Frozen to death by an endoplasm (4 damage)
             ... on level 1 of the Dungeon.
             The game lasted 00:04:30 (1374 turns).

BabyfaceFinlayson the Firebug (OgFE)                Turns: 1374, Time: 00:04:31

Health: -2/24      AC:  3    Str: 11    XL:     2   Next: 62%
Magic:  0/5        EV: 10    Int: 16    God:
Gold:   7          SH:  0    Dex:  9    Spells: 5/6 levels left

rFire   . . .      SeeInvis .   e - +0 short sword (speed)
rCold   . . .      Faith    .   (no shield)
rNeg    . . .      Spirit   .   a - +0 robe
rPois   .          Reflect  .   (helmet restricted)
rElec   .          Harm     .   (no cloak)
rCorr   .          Rampage  .   (gloves unavailable)
Will    .....                   (boots unavailable)
Stlth   +.........              (no amulet)
HPRegen 0.08/turn               (no ring)
MPRegen 0.09/turn               (no ring)

@: no status effects
A: large, unfitting armour, tough skin 1
a: no special abilities


You were on level 1 of the Dungeon.
You visited 1 branch of the dungeon, and saw 1 of its levels.

You collected 7 gold pieces.

Inventory:

Hand Weapons
 e - a +0 short sword of speed (weapon)
Armour
 a - a +0 robe (worn)
Scrolls
 f - a scroll of teleportation {unknown}
Potions
 b - a potion of magic
 c - a potion of flight {unknown}
 d - a potion of lignification {unknown}


   Skills:
 + Level 0.1 Short Blades
 + Level 2.0 Dodging
 + Level 1.4 Stealth
 + Level 2.7 Spellcasting
 + Level 1.1 Conjurations
 + Level 3.0 Fire Magic


You had 5 spell levels left.
You knew the following spells:

 Your Spells              Type           Power      Damage    Failure   Level
a - Foxfire               Conj/Fire      32%        2x1d5     9%          1

Your spell library contained the following spells:

 Spells                   Type           Power      Damage    Failure   Level
 Scorch                   Fire           24%        2d6       9%          2
 Sandblast                Erth           4%         2d4       19%         1
 Conjure Flame            Conj/Fire      8%         6-21      24%         3
 Passwall                 Tmut/Erth      1%         N/A       28%         2
 Inner Flame              Hex/Fire       7%         N/A       30%         3
 Stone Arrow              Conj/Erth      6%         3d7       43%         3
 Flame Wave               Conj/Fire      8%         2d5       63%         4


Dungeon Overview and Level Annotations

Branches:
Dungeon (1/15)

Altars:


Innate Abilities, Weirdness & Mutations

You are too large for most types of armour.
You have tough skin. (AC +1)


Message History

You miscast Foxfire.
You are very lightly contaminated with residual magic.
Nothing appears to happen.
The endoplasm jiggles.
The endoplasm hits you.
Casting: Foxfire (safe; 9% risk of failure)
Confirm with . or Enter, or press ? or * to list all spells.
You conjure some foxfire!
The endoplasm freezes you.
You are frozen.
Found 5 stones.
The foxfire hits the endoplasm.
The endoplasm is severely wounded.
The foxfire hits the endoplasm.
The endoplasm is almost dead.
You barely miss the endoplasm.
The endoplasm is almost dead.
The endoplasm freezes you.
You are frozen.
You barely miss the endoplasm.
The endoplasm is almost dead.
The endoplasm freezes you.
You are frozen.
The goblin hits you with a +0 club.
* * * LOW HITPOINT WARNING * * *
The goblin attacks as you move away! The goblin hits you but does no damage.
The goblin attacks as you move away! The goblin hits you but does no damage.
The endoplasm freezes you.
You are frozen.
* * * LOW HITPOINT WARNING * * *
The endoplasm attacks as you move away! The endoplasm barely misses you.
Your magical contamination has completely faded away.
Casting: Foxfire (safe; 9% risk of failure)
Confirm with . or Enter, or press ? or * to list all spells.
You conjure some foxfire!
The endoplasm closely misses you.
Your foxfire dissipates!
Casting: Foxfire (safe; 9% risk of failure)
Confirm with . or Enter, or press ? or * to list all spells.
You conjure some foxfire!
The endoplasm freezes you.
You are frozen.
You die...

###### ##.#..
##############..... ##.....
#v@v............... .......
#J###########...... .......
#.# #....##.#...... .!...
#g###.##.##.#...... . $..
#S#...##.##.#......
....##.####.#.####.##.#......
............#.# #.##.#......
###...###...#.# #.##.#.#####
#G#.. #..##.# #.#..#.#####


You could see an endoplasm (ally target), a goblin and a ball python.

Vanquished Creatures
  A dart slug (D:1)
  2 ball pythons (D:1)
  3 bats (D:1)
  An endoplasm (D:1)
  A giant cockroach (D:1)
  A goblin (D:1)
  A hobgoblin (D:1)
  A quokka (D:1)
  A frilled lizard (D:1)
  2 rats (D:1)
14 creatures vanquished.

Vanquished Creatures (others)
  27 foxfires (D:1)
27 creatures vanquished.

Grand Total: 41 creatures vanquished

Notes
Turn   | Place    | Note
-------+----------+-------------------------------------------
     0 | D:1      | BabyfaceFinlayson the Ogre Fire Elementalist began the
                  | quest for the Orb.
     0 | D:1      | Reached XP level 1. HP: 16/16 MP: 3/3
   555 | D:1      | Reached skill level 3 in Fire Magic
   720 | D:1      | Reached XP level 2. HP: 15/24 MP: 3/5
   771 | D:1      | Reached skill level 1 in Conjurations
  1348 | D:1      | Noticed a floating eye
  1350 | D:1      | Noticed a shining eye
  1374 | D:1      | Frozen to death by an endoplasm

Illustrated notes

Levels and vault maps discovered:
D:1:      scummos_arrival_simple_fountains, layout_basic,
          hellmonk_ecumenical_altar_watching_god

Skill      XL: |  1  2 |
---------------+-------+-----
Fire Magic     | 3 |  3.0
Conjurations   | 1 |  1.1
Dodging        | 2 |  2.0
Short Blades   | |  0.1
Stealth        | |  1.4
Spellcasting   | |  2.7

Action                   || total
-------------------------++-------
Melee: Unarmed           ||    14
       Short sword       ||    27
 Cast: Foxfire           ||    25
Armor: Robe              ||    24
Dodge: Dodged            ||    19
